 Dungeon Crawl Stone Soup version 0.23.2-1-ga50397a (webtiles) character file.

Game seed: 7198201825140918025

6008 Borgoz the Cleaver (level 10, -5/91 HPs)
             Began as a Minotaur Monk on May 25, 2019.
             Was an Elder of Ashenzari.
             Splashed by a gnoll's acid (10 damage)
             ... on level 8 of the Dungeon.
             The game lasted 00:17:37 (9381 turns).

Borgoz the Cleaver (Minotaur Monk)                  Turns: 9381, Time: 00:17:38

Health: -5/91      AC: 12    Str: 29    XL:     10   Next: 56%
Magic:  9/9        EV: 10    Int:  7    God:    Ashenzari [****..]
Gold:   466        SH:  0    Dex:  7    Spells: 9/9 levels left

rFire    . . .     SeeInvis +   I - +8 battleaxe "Tormentor" {flame, rElec MR+ Str+4 Dex-5} (curse)
rCold    . . .     Gourm    .   (shield currently unavailable)
rNeg     . . .     Faith    .   J - +0 plate armour
rPois    .         Spirit   .   (helmet restricted)
rElec    +         Reflect  .   (no cloak)
rCorr    .         Harm     .   l - +0 pair of gloves (curse)
MR       ++...     Clarity  +   y - +0 pair of boots
Stlth    ..........             (no amulet)
HPRegen  0.25/turn              j - +5 ring of strength (curse)
MPRegen  0.11/turn              B - ring of protection from magic

@: lethally poisoned (-5 -> -16), corroded
A: retaliatory headbutt, horns 2
a: Curse Item, Scrying, Renounce Religion


You were on level 8 of the Dungeon.
You worshipped Ashenzari.
Ashenzari was greatly pleased with you.
You were hungry.

You visited 2 branches of the dungeon, and saw 10 of its levels.
You also visited: Ossuary.

You collected 466 gold pieces.

Inventory:

Hand Weapons
 a - a +0 hand axe
 r - a +4 hand axe of chopping
 D - the +8 shortbow of Floods {flame, rF- rN+ Str+4}
   (You found it on level 6 of the Dungeon)

   It causes projectiles fired from it to burn those they strike, causing extra
   injury to most foes and up to half again as much damage against particularly
   susceptible opponents.
   It affects your strength (+4).
   It makes you vulnerable to fire.
   It protects you from negative energy.
 I - the cursed +8 battleaxe "Tormentor" (weapon) {flame, rElec MR+ Str+4 Dex-5}
   (You found it on level 7 of the Dungeon)

   It has been specially enchanted to burn those struck by it, causing extra
   injury to most foes and up to half again as much damage against particularly
   susceptible opponents.
   Big, fiery blades are also staple armaments of hydra-hunters.
   It affects your strength (+4).
   It affects your dexterity (-5).
   It insulates you from electricity.
   It affects your resistance to hostile enchantments.
   It has a curse placed upon it.
Missiles
 e - 2 throwing nets (quivered)
Armour
 l - a cursed +0 pair of gloves (worn)
 y - a +0 pair of boots (worn)
 J - a +0 plate armour (worn)
 P - +0 acid dragon scales
Jewellery
 i - an uncursed ring of ice
 j - a cursed +5 ring of strength (left hand)
 B - a ring of protection from magic (right hand)
 E - an uncursed ring of wizardry
 F - an uncursed amulet of magic regeneration
Wands
 t - a wand of paralysis (9)
 K - a wand of flame (18)
 L - a wand of acid (20)
 M - a wand of iceblast (6)
 O - a wand of disintegration (33)
Scrolls
 d - 4 scrolls of remove curse
 f - a scroll of enchant armour
 h - 8 scrolls of teleportation
 s - a scroll of fear
 w - a scroll of blinking
 x - 3 scrolls of enchant weapon
 A - 2 scrolls of amnesia
 C - 2 scrolls of identify
 G - a scroll of holy word
 H - a scroll of magic mapping
Potions
 b - a potion of magic
 g - 2 potions of agility
 k - 8 potions of curing
 m - 4 potions of brilliance
 n - 2 potions of lignification
 o - 3 potions of heal wounds
 p - a potion of might
 q - a potion of mutation
 u - a potion of haste
 v - a potion of invisibility
 z - 5 potions of flight
Comestibles
 c - 20 rations


   Skills:
 + Level 9.3 Fighting
 * Level 12.3(16.4) Axes
 + Level 8.5 Armour
 + Level 8.5 Dodging
 - Level 1.5 Stealth


You had 9 spell levels left.
You didn't know any spells.
Your spell library contained the following spells:

 Spells                   Type           Power        Failure   Level  Hunger
 Magic Dart               Conj           #...         98%         1    ##.....
 Shock                    Conj/Air       #...         98%         1    ##.....
 Blink                    Tloc           N/A          99%         2    ###....
 Call Imp                 Summ           #.......     99%         2    ###....
 Slow                     Hex            #.......     99%         2    ###....
 Swiftness                Chrm/Air       #.......     99%         2    ###....
 Conjure Flame            Conj/Fire      #.......     100%        3    ####...
 Mephitic Cloud           Conj/Pois/Air  #.......     100%        3    ####...
 Static Discharge         Conj/Air       #.......     100%        3    ####...
 Airstrike                Air            #.........   100%        4    #####..
 Lightning Bolt           Conj/Air       #.........   100%        5    ######.


Dungeon Overview and Level Annotations

Branches:
Dungeon (9/15)             Temple (1/1) D:4
   Lair: D:8-11         Orc: D:9-12

Altars:
Ashenzari
Cheibriados
Dithmenos
Elyvilon
Fedhas
Gozag
Hepliaklqana
Kikubaaqudgha
Makhleb
Nemelex Xobeh
Okawaru
Qazlal
Ru
Sif Muna
Trog
Uskayaw
Vehumet
Wu Jian
Xom
Yredelemnul
Zin
The Shining One

Annotations:
D:8 1 transporter
D:9 exclusion: orange crystal statue


Innate Abilities, Weirdness & Mutations

You reflexively headbutt those who attack you in melee.
You have a pair of horns on your head.


Message History

You are too injured to fight recklessly!
You are too injured to fight recklessly!
You feel sick.
The gnoll sergeant hits you with the +9 trident of Dishonesty {venom, +Rage rElec rF- rN+}!
* * * LOW HITPOINT WARNING * * *
You are more poisoned.
The gnoll zaps a wand.
The bolt of acid hits you!
* * * LOW HITPOINT WARNING * * *
The acid corrodes you!
You are splashed with acid!
* * * LOW HITPOINT WARNING * * *
The bolt of acid hits the gnoll!
The gnoll is splashed with acid.
The acid corrodes the gnoll!
The gnoll dies!
The gnoll hits you but does no damage.
There is an open translucent door here.
You feel much better.
You feel sick.
The gnoll zaps a wand.
The bolt of acid hits you!
* * * LOW HITPOINT WARNING * * *
You are splashed with acid!
You die...

......##.(≈≈##.###.###.##≈≈..#
#.###.###.≈≈#h..........#≈≈..#
#.###.# #(≈≈###.##'##.###≈≈..#
#..##.# #(≈≈..#.#...#.#..≈≈..#
##.##.# #(≈≈.##.#⌠.⌠#.##.≈≈..#
......# #(≈≈.#..#...#..#.≈≈..#
...#### #(≈≈.##.##g##.##.≈≈..#
...# #()...#g#)†)#.#..≈≈(.#
...# #(...©#g@)©)'.#©.≈≈..#
...# #.....#.#8)8#.#..≈≈..#
..## #.≈≈.##.#####.##.≈≈.##
..# #.≈≈.#..#,∆{#.©#.≈≈.#
.########.≈≈.##.#. #.##.≈≈.#
###.......≈≈..#.#.. #.#..≈≈.#
#.#####.≈≈###.# '##.###≈≈.#
#.# #.≈≈#...g,, ....#≈≈.# #.#
#.≈≈##.###.###.##≈≈.#


You could see a gnoll sergeant and 2 gnolls.

Vanquished Creatures
  The ghost of Paps the Cudgeler, a novice TrFi of Gozag (D:5)
  Joseph (D:8)
  A hippogriff (D:9)
  A spriggan (D:7)
  3 yaks (D:9)
  Grum (D:8)
  An acid dragon (D:9)
  A water moccasin (D:6)
  An orc warrior (D:8)
  An eye of draining (D:9)
  An ice beast (D:9)
  A phantom (D:9)
  A sky beast (D:8)
  2 necrophages (D:8)
  4 centaurs
  2 wolves (D:8)
  A big kobold (D:8)
  A wyvern zombie (Ossuary)
  7 bullfrogs
  A wyvern skeleton (D:6)
  2 scorpions
  7 wights
  2 howler monkeys
  3 crimson imps
  2 bullfrog zombies (Ossuary)
  A centaur zombie (Ossuary)
  5 hounds
  16 mummies (Ossuary)
  3 orc priests
  2 bullfrog skeletons
  2 jellies (D:8)
  6 orc wizards
  A gnoll shaman (D:8)
  6 iguanas
  3 centaur skeletons
  7 worker ants
  A killer bee zombie (Ossuary)
  A hound zombie (Ossuary)
  3 hound skeletons
  A howler monkey zombie (D:6)
  3 worker ant zombies (Ossuary)
  3 gnolls (D:8)
  13 adders
  2 shadow imps
  3 oozes
  2 adder skeletons (D:4)
  3 adder zombies
  2 worms
  2 dart slugs (D:1)
  5 leopard geckos
  20 orcs
  6 bats
  5 giant cockroaches
  14 goblins
  9 hobgoblins
  17 jackals
  11 kobolds
  6 quokkas
  A ball python (D:3)
  4 frilled lizards
  A leopard gecko skeleton (D:7)
  3 leopard gecko zombies
  7 rats
  6 plants (D:1)
255 creatures vanquished.

Vanquished Creatures (others)
  An orc wizard (D:4)
  A gnoll (D:8)
  6 plants (D:8)
  6 withered plants (Ossuary)
14 creatures vanquished.

Grand Total: 269 creatures vanquished

Notes
Turn   | Place    | Note
-------+----------+-------------------------------------------
     0 | D:1      | Borgoz the Minotaur Monk began the quest for the Orb.
     0 | D:1      | Reached XP level 1. HP: 19/19 MP: 0/0
   168 | D:1      | Reached XP level 2. HP: 27/27 MP: 1/1
   194 | D:1      | Reached skill level 4 in Axes
   381 | D:1      | Reached skill level 1 in Armour
   635 | D:1      | Reached XP level 3. HP: 31/33 MP: 2/2
  1780 | D:2      | Reached XP level 4. HP: 30/40 MP: 3/3
  2250 | D:2      | Found a burning altar of Makhleb.
  2402 | D:3      | Reached skill level 5 in Axes
  2491 | D:3      | Reached XP level 5. HP: 36/47 MP: 4/4
  2683 | D:3      | Found a hazy altar of Hepliaklqana.
  2941 | D:3      | Found a shattered altar of Ashenzari.
  3141 | D:3      | Became a worshipper of Ashenzari the Shackled
  3141 | D:3      | Reached * piety under Ashenzari
  3141 | D:3      | Reached ** piety under Ashenzari
  3502 | D:4      | Found a sand-covered staircase.
  3507 | Ossuary  | Entered an ossuary
  3527 | Ossuary  | Reached XP level 6. HP: 37/55 MP: 5/5
  3538 | Ossuary  | Reached skill level 6 in Axes
  3545 | Ossuary  | Reached skill level 5 in Fighting
  3863 | Ossuary  | Reached XP level 7. HP: 35/61 MP: 6/6
  3941 | Ossuary  | Reached skill level 5 in Dodging
  3991 | Ossuary  | HP: 1/61 [bog mummy (12)]
  4095 | Ossuary  | Reached skill level 7 in Axes
  4859 | D:4      | Reached XP level 8. HP: 37/70 MP: 7/7
  4984 | D:4      | Found a hide-covered altar of Uskayaw.
  5007 | D:4      | Reached skill level 8 in Axes
  5092 | D:4      | Found a staircase to the Ecumenical Temple.
  5101 | Temple   | Entered the Ecumenical Temple
  5355 | D:5      | Entered Level 5 of the Dungeon
  5462 | D:5      | Reached skill level 5 in Armour
  5649 | D:5      | Found a large runed translucent door.
  5649 | D:5      | Found a large runed translucent door.
  5651 | D:5      | Noticed Paps's ghost (novice TrFi)
  5740 | D:5      | Found a stormy altar of Qazlal.
  6120 | D:6      | Reached skill level 9 in Axes
  6493 | D:6      | Identified the +8 shortbow of Floods {flame, rF- rN+ Str+4}
  6749 | D:6      | Found a deep blue altar of Sif Muna.
  6983 | D:5      | Killed Paps's ghost
  6983 | D:5      | Reached skill level 10 in Axes
  6983 | D:5      | Reached XP level 9. HP: 31/79 MP: 8/8
  7137 | D:7      | Reached *** piety under Ashenzari
  7674 | D:7      | Found an ornate altar of the Wu Jian Council.
  7736 | D:7      | Identified the +8 battleaxe "Tormentor" {flame, rElec MR+
                  | Str+4 Dex-5}
  7987 | D:8      | Identified the +9 trident of Dishonesty {venom, +Rage rElec
                  | rF- rN+}
  7987 | D:8      | Identified the +0 buckler "Koohigra" {Dex+3}
  8011 | D:8      | Reached skill level 11 in Axes
  8111 | D:8      | Found a white marble altar of Elyvilon.
  8111 | D:8      | Found a blossoming altar of Fedhas.
  8111 | D:8      | Found a shimmering altar of Xom.
  8112 | D:8      | Found a bloodstained altar of Trog.
  8225 | D:8      | Reached **** piety under Ashenzari
  8247 | D:8      | Found a transporter.
  8249 | D:8      | Noticed Grum
  8328 | D:8      | Found a transporter.
  8359 | D:8      | Found a glowing silver altar of Zin.
  8439 | D:8      | Noticed Joseph
  8442 | D:8      | Reached XP level 10. HP: 89/90 MP: 9/9
  8450 | D:8      | Killed Joseph
  8718 | D:9      | Found an iron altar of Okawaru.
  8885 | D:9      | Reached skill level 12 in Axes
  9282 | D:9      | Noticed an orange crystal statue
  9377 | D:8      | Killed Grum
  9380 | D:8      | HP: 4/91 [acid (13)]
  9381 | D:8      | Splashed by a gnoll's acid

Skill      XL: |  1  2  3  4  5  6  7  8  9 10 |
---------------+-------------------------------+-----
Axes           | 4 5 6 7 10 11 12 | 12.3
Armour         | 1 2 3 4 6 7 8 |  8.5
Fighting       | 4 5 6 7 8 9 |  9.3
Dodging        | 4 5 6 7 8 |  8.5
Stealth        | |  1.5

Action                   |  1- 3 |  4- 6 |  7- 9 | 10-12 || total
-------------------------+-------+-------+-------+-------++-------
Melee: Hand axe          |   286 |   177 |   353 |       ||   816
       Headbutt          |    69 |    27 |    86 |     7 ||   189
       Battleaxe         |       |       |    51 |    51 ||   102
Invok: Curse Item        |       |     1 |     2 |       ||     3
Evoke: Wand              |       |       |       |     4 ||     4
  Use: Potion            |       |     5 |     4 |     1 ||    10
       Scroll            |       |     2 |    17 |     1 ||    20
 Stab: Sleeping          |     4 |     1 |       |       ||     5
       Invisible         |       |       |     1 |       ||     1
  Eat: Chunk             |     3 |     7 |    11 |     3 ||    24
       Ration            |       |       |     1 |       ||     1
Armor: Robe              |     7 |       |       |       ||     7
       Leather armour    |     2 |    10 |       |       ||    12
       Scale mail        |       |    43 |    91 |       ||   134
       Plate armour      |       |       |    28 |    24 ||    52
Dodge: Dodged            |    48 |   113 |   170 |    26 ||   357
